 Dungeon Crawl Stone Soup version 0.22-a0-410-g97be04f (webtiles) character file.

5187 4thArraOfDagon the Cleaver (level 10, 0/94 HPs)
             Began as a Deep Dwarf Fighter on May 11, 2018.
             Was a Believer of Makhleb.
             Slain by an ogre zombie (6 damage)
             ... on level 9 of the Dungeon.
             The game lasted 00:11:54 (2260 turns).

4thArraOfDagon the Cleaver (Deep Dwarf Fighter)     Turns: 2260, Time: 00:11:54

Health: 0/94       AC: 10    Str: 23    XL:     10   Next: 34%
Magic:  11/11      EV:  8    Int:  9    God:    Makhleb [**....]
Gold:   231        SH:  9    Dex: 12    Spells: 9/9 levels left

rFire    . . .     SeeInvis .   d - +0 war axe (venom)
rCold    . . .     Gourm    .   c - +0 shield
rNeg     . . .     Faith    .   j - +2 ring mail {MR+}
rPois    +         Spirit   .   m - +0 helmet (curse)
rElec    .         Reflect  .   (no cloak)
rCorr    .         Harm     .   (no gloves)
MR       ++...     Rnd*Rage +   (no boots)
Stlth    ..........             (no amulet)
HPRegen  0.00/turn              q - ring of poison resistance
MPRegen  0.12/turn              A - ring of loudness (curse)

@: non-regenerating, slowed, very slow
A: damage resistance, heal wounds, berserk 1, sense surroundings 2, poison
resistance, no regeneration
a: Heal Wounds, Minor Destruction, Renounce Religion


You were on level 9 of the Dungeon.
You worshipped Makhleb.
Makhleb was pleased with you.
You were not hungry.

You visited 2 branches of the dungeon, and saw 11 of its levels.

You collected 231 gold pieces.

Inventory:

Hand Weapons
 a - a +0 rapier
 d - a +0 war axe of venom (weapon)
Missiles
 k - a throwing net (quivered)
Armour
 b - a +0 scale mail
 c - a +0 shield (worn)
 j - a +2 ring mail of magic resistance (worn)
 m - a cursed +0 helmet (worn)
Jewellery
 q - a ring of poison resistance (left hand)
 x - an uncursed ring of flight
 A - a cursed ring of loudness (right hand)
Wands
 o - a wand of enslavement (18)
 y - a wand of digging (10)
Scrolls
 e - a scroll of enchant weapon
 p - 3 scrolls of enchant armour
 s - a scroll of noise {unknown}
 t - 5 scrolls of remove curse
 u - a scroll of silence {unknown}
 z - a scroll of torment {unknown}
 B - a scroll of teleportation
Potions
 l - a potion of brilliance
 n - 3 potions of curing
 r - a potion of flight
Miscellaneous
 v - a phantom mirror
Comestibles
 f - 10 rations


   Skills:
 + Level 7.5 Fighting
 - Level 1.7 Short Blades
 * Level 10.7 Axes
 + Level 9.0 Armour
 - Level 3.3 Shields
 - Level 6.1 Invocations


You had 9 spell levels left.
You didn't know any spells.

Dungeon Overview and Level Annotations

Branches:
Dungeon (11/15)            Temple (1/1) D:4             Orc (0/2) D:9
   Lair: D:8-11

Altars:
Dithmenos
Hepliaklqana
Makhleb
Nemelex Xobeh
Okawaru
Qazlal
Ru
Sif Muna
Trog
Wu Jian
Xom
Yredelemnul
Zin

Shops:
D:10 =

Annotations:
D:4 Velros's ghost, amateur BaFi
D:5 Dowan


Innate Abilities, Weirdness & Mutations

You are resistant to damage.
You can heal yourself by infusing magical energy.
You passively map the area around you.
You do not regenerate.
You tend to lose your temper in combat.
Your system is resistant to poisons. (rPois)


Message History

The phantom is almost destroyed.
The phantom barely misses you.
You slash the phantom!
You destroy the phantom!
Makhleb accepts your kill.
Your Armour skill increases to level 9!
k - a throwing net 2 zombies come into view. 2 zombies come into view.
Unknown command.
You slash the orc zombie!
You destroy the orc zombie!
Makhleb accepts your kill.
You slash the orc zombie!
You destroy the orc zombie!
Makhleb accepts your kill.
You feel better.
You fail to use your ability.
You block the orc zombie's attack. The ogre zombie hits you!
You die...

....#..########...##.##.
, * ....##.# #.........,
, * .....#.# #..#......
, * ....##.# ##..'.$....
+, ....#..#
#####.....#####,, ,
....#.. #......8......#
, ....# #.............#*
* ....# ,
,#.............# ,,
....# ........@Z...$...
, #+###
..8.....>Z....8.. , ,,
,,............?.... ,, ,
.#.............#. ,, . ,
#.............#, , (., ,
#......8......# * * ...
, #####.....#####, , +
,, , * *###.... , , , ,
, , , , , , , ,


You could see an orc zombie and an ogre zombie.

Vanquished Creatures
  A two-headed ogre (D:8)
  Pikel (D:8)
  6 yaks (D:10)
  A wraith (D:9)
  A hungry ghost (D:9)
  2 soldier ants (D:8)
  A two-headed ogre zombie (D:9)
  An orc warrior (D:9)
  2 sky beasts
  2 ice beasts
  3 phantoms
  4 centaurs
  4 bullfrogs
  A wyvern skeleton (D:11)
  2 scorpions
  3 troll zombies (D:9)
  10 killer bees (D:10)
  4 crimson imps
  A bullfrog skeleton (D:11)
  3 hounds
  3 orc priests
  A centaur skeleton (D:4)
  2 iguanas (D:4)
  3 worker ants
  3 ogre zombies (D:9)
  A hound skeleton (D:4)
  4 gnolls (D:4)
  4 adders
  A shadow imp (D:6)
  An adder zombie (D:6)
  A worm (D:8)
  2 leopard geckos (D:7)
  9 orcs
  A ball python (D:8)
  2 bats (D:2)
  A hobgoblin (D:1)
  2 jackals (D:8)
  4 quokkas
  3 goblin skeletons (D:9)
  4 goblin zombies (D:9)
  6 hobgoblin zombies (D:9)
  A jackal skeleton (D:6)
  2 orc skeletons (D:9)
  9 orc zombies (D:9)
  A quokka skeleton (D:4)
  A rat (D:1)
125 creatures vanquished.

Vanquished Creatures (others)
  4 slaves (D:8)
  2 hounds (D:8)
  An orc wizard (D:8)
  An adder zombie (D:8)
  A jackal (D:8)
  A quokka (D:8)
  3 fungi (D:8)
  A plant (D:8)
14 creatures vanquished.

Grand Total: 139 creatures vanquished

Notes
Turn   | Place    | Note
-------+----------+-------------------------------------------
     0 | D:1      | 4thArraOfDagon the Deep Dwarf Fighter began the quest for the Orb.
     0 | D:1      | Reached XP level 1. HP: 20/20 MP: 1/1
   183 | D:2      | You fall through a shaft for 2 floors!
   196 | D:4      | Reached XP level 2. HP: 18/28 MP: 2/2
   371 | D:4      | Found a hazy altar of Hepliaklqana.
   395 | D:5      | Entered Level 5 of the Dungeon
   415 | D:5      | Noticed Dowan
   467 | D:4      | Reached XP level 3. HP: 22/34 MP: 3/3
   483 | D:4      | Reached XP level 4. HP: 40/44 MP: 4/4
   502 | D:4      | Reached skill level 1 in Axes
   578 | D:4      | Reached skill level 2 in Axes
   578 | D:4      | Reached XP level 5. HP: 17/50 MP: 5/5
   621 | D:6      | Noticed an ice beast
   623 | D:6      | Noticed a phantom
   632 | D:6      | Killed an ice beast
   632 | D:6      | Reached skill level 3 in Axes
   632 | D:6      | Reached skill level 5 in Armour
   632 | D:6      | Reached XP level 6. HP: 45/57 MP: 5/5
   817 | D:7      | Reached skill level 4 in Axes
   911 | D:5      | Found a deep blue altar of Sif Muna.
   938 | D:5      | Reached XP level 7. HP: 46/66 MP: 5/5
   960 | D:5      | Found a stormy altar of Qazlal.
   964 | D:5      | Noticed a water elemental
   965 | D:5      | Noticed an air elemental
   965 | D:5      | Noticed a fire elemental
  1021 | D:4      | Found a staircase to the Ecumenical Temple.
  1035 | Temple   | Entered the Ecumenical Temple
  1074 | Temple   | Became a worshipper of Makhleb the Destroyer
  1127 | D:4      | Noticed Velros's ghost (amateur BaFi)
  1260 | D:6      | Reached skill level 5 in Axes
  1310 | D:6      | Reached skill level 5 in Fighting
  1310 | D:6      | Reached skill level 1 in Invocations
  1394 | D:6      | Reached skill level 6 in Axes
  1394 | D:6      | Reached XP level 8. HP: 28/74 MP: 7/7
  1502 | D:8      | Noticed Pikel
  1511 | D:8      | Killed Pikel
  1511 | D:8      | Reached skill level 7 in Axes
  1624 | D:8      | You fall through a shaft for 2 floors!
  1624 | D:10     | Entered Level 10 of the Dungeon
  1633 | D:10     | Gained mutation: You passively map the area around you. [Deep Dwarf growth]
  1633 | D:10     | Reached XP level 9. HP: 27/82 MP: 10/10
  1669 | D:10     | Reached skill level 8 in Axes
  1673 | D:10     | HP: 2/82 [killer bee (7)]
  1679 | D:10     | Reached skill level 5 in Invocations
  1684 | D:10     | Reached * piety under Makhleb
  1699 | D:10     | Found a shimmering altar of Xom.
  1738 | D:10     | Reached skill level 9 in Axes
  1790 | D:10     | Found a basalt altar of Yredelemnul.
  1795 | D:10     | Noticed a two-headed ogre
  1860 | D:11     | Noticed a two-headed ogre
  1971 | D:10     | Gained mutation: You tend to lose your temper in combat. [potion of mutation]
  1971 | D:10     | Gained mutation: Your system is resistant to poisons. (rPois) [potion of mutation]
  1993 | D:10     | Found Gus Vanko's Jewellery Shop.
  2121 | D:8      | Noticed a two-headed ogre
  2129 | D:8      | Killed a two-headed ogre
  2129 | D:8      | Reached skill level 10 in Axes
  2129 | D:8      | Reached XP level 10. HP: 72/94 MP: 11/11
  2164 | D:8      | Reached ** piety under Makhleb
  2189 | D:9      | Found a staircase to the Orcish Mines.
  2260 | D:9      | Slain by an ogre zombie

Vault maps used:
D:1:      erik_arrival_blinker_ship
D:2:      ashenzari_conservatory_becter, elyvilon_altar_3
D:4:      old_standard_altar, minmay_temple_entry_junction
D:5:      nicolae_qazlal_style_of_elements, led_sif_pool, first_ration,
          serial_bayou, serial_bayou_shore_a, serial_bayou_lagoon_a,
          serial_bayou_lake_a, serial_bayou_lagoon_b, uniq_duvessa
D:6:      overflow_temple_1_default
D:7:      cheibrodos_shockbox, kennysheep_mini_moat
D:8:      eat_drink_and_be_merry_uskayaw, lemuel_crystal_altar, fedhas_altar_3,
          hangedman_pestilent_swarm, uniq_psyche, uniq_pikel
D:9:      nicolae_tso_swordbearing_angel, vehumet_statue, zombieorc2_lemuel,
          serial_shops, nicolae_shop_trees, nicolae_shop_statue_plus, shop,
          kennysheep_just_a_vault
D:10:     serial_shops, shop, basic_altar, xom_teletrap_fun, uniq_maurice
D:11:     david_lair_generic
Temple:   jpeg_temple_island

Skill      XL: |  1  2  3  4  5  6  7  8  9 10 |
---------------+-------------------------------+-----
Fighting       | 3 4 5 6 7 |  7.5
Armour         | 4 5 6 7 8 9 |  9.0
Axes           | 2 3 4 6 7 10 | 10.7
Invocations    | 2 4 6 |  6.1
Short Blades   | |  1.7
Shields        | |  3.3

Action                   |  1- 3 |  4- 6 |  7- 9 | 10-12 || total
-------------------------+-------+-------+-------+-------++-------
Melee: Rapier            |    58 |     7 |       |       ||    65
       War axe           |       |    57 |   214 |    63 ||   334
Throw: Throwing net      |       |       |     1 |     1 ||     2
 Abil: Heal Wounds       |     1 |     4 |     9 |     1 ||    15
  Use: Potion            |     2 |     1 |     1 |     2 ||     6
       Scroll            |     1 |     4 |     4 |       ||     9
 Stab: Held in net/web   |       |       |     2 |       ||     2
  Eat: Chunk             |       |       |     5 |     1 ||     6
       Ration            |       |       |       |     2 ||     2
Armor: Scale mail        |    21 |       |       |       ||    21
       Skin              |    61 |     8 |       |    60 ||   129
       Ring mail         |    10 |    15 |   104 |    42 ||   171
Dodge: Dodged            |    29 |    27 |    88 |    52 ||   196
Block: Shield            |    62 |    54 |   145 |    71 ||   332

Table legend:
 A = Spawn XP
 B = Non-spawn XP
 C = Spawn XP percentage of total XP
 D = Spawn monster count
 E = Non-spawn monster count
 F = Spawn count percentage of total count
 G = Total turns spent on level
                    A         B        C        D         E        F      G
               +---------+---------+-------+---------+---------+-------+---------
         Total |       0 |    7410 |   0.0 |       0 |     126 |   0.0 |  2260
               +---------+---------+-------+---------+---------+-------+---------
           D:1 |       0 |       3 |   0.0 |       0 |       2 |   0.0 |    70
           D:2 |       0 |       3 |   0.0 |       0 |       2 |   0.0 |   113
           D:4 |       0 |     323 |   0.0 |       0 |      17 |   0.0 |   478
           D:5 |       0 |     199 |   0.0 |       0 |       5 |   0.0 |   239
           D:6 |       0 |     830 |   0.0 |       0 |      13 |   0.0 |   290
           D:7 |       0 |      73 |   0.0 |       0 |       6 |   0.0 |   208
           D:8 |       0 |    2426 |   0.0 |       0 |      20 |   0.0 |   238
           D:9 |       0 |    1368 |   0.0 |       0 |      41 |   0.0 |   181
          D:10 |       0 |    1948 |   0.0 |       0 |      17 |   0.0 |   326
          D:11 |       0 |     237 |   0.0 |       0 |       3 |   0.0 |    45
               +---------+---------+-------+---------+---------+-------+---------
